 Dungeon Crawl Stone Soup version 0.25-a0-577-ga4619f409e (webtiles) character file.

Game seed: 4430041978044116424, levelgen mode: deterministic

47 Aggronaut the Twirler (level 3, 0/27 HPs)
             Began as a Demonspawn Gladiator on Feb 28, 2020.
             Was a Follower of Kikubaaqudgha.
             Succumbed to an adder's poison
             ... on level 3 of the Dungeon on Mar 2, 2020.
             The game lasted 00:06:14 (1611 turns).

Aggronaut the Twirler (Demonspawn Gladiator)        Turns: 1611, Time: 00:06:14

Health: 0/27       AC:  4    Str: 12 (14) XL:     3   Next: 48%
Magic:  12/12      EV: 12    Int:  9 (10) God:    Kikubaaqudgha [*.....]
Gold:   130        SH:  0    Dex: 13 (14) Spells: 1/2 levels left

rFire    . . .     SeeInvis .   a - +0 quarterstaff
rCold    . . .     Gourm    .   (shield currently unavailable)
rNeg     . . .     Faith    .   b - +0 leather armour
rPois    .         Spirit   .   p - +0 helmet
rElec    .         Reflect  .   (no cloak)
rCorr    .         Harm     .   (no gloves)
MR       .....                  (no boots)
Stlth    +.........             (no amulet)
HPRegen  0.09/turn              i - ring of magical power
MPRegen  0.13/turn              (no ring)

@: lethally poisoned (0 -> -11), very slightly contaminated
A: demonic guardian 1, rot immunity
a: Receive Corpses, Renounce Religion


You were on level 3 of the Dungeon.
You worshipped Kikubaaqudgha.
Kikubaaqudgha was aware of your devotion.
You were not hungry.

You visited 1 branch of the dungeon, and saw 3 of its levels.

You collected 130 gold pieces.

Inventory:

Hand Weapons
 a - a +0 quarterstaff (weapon)
Missiles
 d - 3 throwing nets (quivered)
 k - 5 poisoned darts
Armour
 b - a +0 leather armour (worn)
 p - a +0 helmet (worn)
Jewellery
 i - a ring of magical power (left hand)
Scrolls
 c - a scroll of identify
Potions
 g - a potion of haste
 h - 2 potions of might
Comestibles
 f - 6 rations


   Skills:
 - Level 2.0 Fighting
 * Level 3.9 Staves
 + Level 2.2 Throwing
 - Level 2.6 Dodging


You had one spell level left.
You knew the following spells:

 Your Spells              Type           Power        Failure   Level  Hunger
a - Pain                  Necr           #...         45%         1    ##.....

Your spell library contained the following spells:

 Spells                   Type           Power        Failure   Level  Hunger
 Corpse Rot               Necr/Air       N/A          61%         2    ###....
 Sublimation of Blood     Necr           #.........   61%         2    ###....
 Vampiric Draining        Necr           #.........   83%         3    ####...


Dungeon Overview and Level Annotations

Branches:
Dungeon (3/15)

Altars:
Kikubaaqudgha
The Shining One


Innate Abilities, Weirdness & Mutations

A weak demonic guardian rushes to your aid.
You are immune to rotting.


Message History

Okay, then.
You barely miss the adder.
The adder is heavily wounded.
* * * LOW HITPOINT WARNING * * *
You feel sick. The adder bites you.
* * * LOW HITPOINT WARNING * * *
You are more poisoned.
The adder poisons you!
You closely miss the adder.
The adder is heavily wounded.
* * * LOW HITPOINT WARNING * * *
You feel sick. The adder misses you. The adder completely misses you.
You hit the adder.
The adder is severely wounded.
* * * LOW HITPOINT WARNING * * *
You feel sick. The adder completely misses you.
You closely miss the adder.
The adder is severely wounded.
You die...
Kikubaaqudgha rasps: "You have failed me!
Welcome... death!"

############
#..........######
#.###...........#########
#.###.####.####.........#
#..)......#..@SK........#
#.###.####.###########..#
#.# #.# #.# #..# #.# #.#
#.# #..#
#.###.####.########
#K.......
#........).........
..#######
#.###.#####.###### ....
......#####.######......
........................


You could see an adder and a kobold.

Vanquished Creatures
  Robin (D:2)
  A leopard gecko (D:1)
  A ball python (D:2)
  2 bats (D:2)
  A giant cockroach (D:1)
  13 goblins
  4 hobgoblins
  4 jackals (D:2)
  A frilled lizard (D:1)
28 creatures vanquished.

Notes
Turn   | Place    | Note
-------+----------+-------------------------------------------
     0 | D:1      | Aggronaut the Demonspawn Gladiator began the quest for the
                  | Orb.
     0 | D:1      | Reached XP level 1. HP: 16/16 MP: 1/1
    71 | D:1      | Reached skill level 3 in Staves
   622 | D:2      | Gained mutation: A weak demonic guardian rushes to your
                  | aid. [demonic ancestry]
   622 | D:2      | Reached XP level 2. HP: 22/22 MP: 2/2
   648 | D:2      | Upgraded the game from 0.25-a0-566-g062765be81 to
                  | 0.25-a0-577-ga4619f409e
   758 | D:2      | Found a faded altar of an unknown god.
   761 | D:2      | Became a worshipper of Kikubaaqudgha
   761 | D:2      | Reached * piety under Kikubaaqudgha
   761 | D:2      | Identified Kikubaaqudgha's Almanac of Sinister Secrets
                  | (Kikubaaqudgha gifted it to you on level 2 of the Dungeon)
   761 | D:2      | Received a gift from Kikubaaqudgha
   765 | D:2      | Learned a level 1 spell: Pain
   942 | D:2      | Found a glowing golden altar of the Shining One.
   964 | D:2      | Gained mutation: You are immune to rotting. [demonic
                  | ancestry]
   964 | D:2      | Reached XP level 3. HP: 20/27 MP: 3/3
   980 | D:2      | Noticed Robin
  1007 | D:2      | Killed Robin
  1610 | D:3      | HP: 1/27 [poisoned by an adder]
  1611 | D:3      | Succumbed to an adder's poison

Levels and vault maps discovered:
D:1:      dpeg_arrival_rooms_a, layout_basic
D:2:      layout_basic, old_standard_altar, chequers_ecumenical_altar_grove,
          uniq_robin
D:3:      layout_loops_ring, first_ration, uniq_jessica

Skill      XL: |  1  2 |
---------------+-------+-----
Staves         | 3 |  3.9
Throwing       | 2 |  2.2
Fighting       | |  2.0
Dodging        | |  2.6

Action                   || total
-------------------------++-------
Melee: Quarterstaff      ||    85
 Cast: Pain              ||     1
  Use: Scroll            ||     4
       Potion            ||     2
  Eat: Chunk             ||     2
Armor: Leather armour    ||    28
Dodge: Dodged            ||    57

Table legend:
 A = Non-vault XP
 B = Vault XP
 C = Vault XP percentage of total XP
 D = Non-vault monster count
 E = Vault monster count
 F = Vault count percentage of total count
                 A         B        C        D         E       F
            +---------+---------+-------+---------+---------+-------
      Total |      31 |      37 |  54.4 |      16 |      12 |  42.9
            +---------+---------+-------+---------+---------+-------
        D:1 |      10 |       0 |   0.0 |       5 |       0 |   0.0
        D:2 |      15 |      37 |  71.2 |       8 |      12 |  60.0
        D:3 |       6 |       0 |   0.0 |       3 |       0 |   0.0
            +---------+---------+-------+---------+---------+-------
